cohdb
Replays
Latest Replays
All Replays
Popular Replays
Top Player Replays
Match Explorer
How It Works
Community
CoH3 Stats
Reddit
Sign in to upload your games and track your stats! →
Sign in with Steam
Match 42646345
Unlisted
Match 42646345
Overview
Messages
Build Orders
End
Pioneer Squad
Construct Infanterie Kompanie
Selects Italian Coastal Battlegroup
Selects Coastal Reserves
Coastal Reserve
Coastal Reserve
Coastal Reserve
Coastal Reserve
Selects Artillery Officer
Medical Bunker
Construct Panzergrenadier Kompanie
251 Medium Carrier
Pak 40 Anti-tank Gun Team
Artillery Officer
Selects Support Bunkers
Selects Designated Artillery Overwatch
Construct Panzer Kompanie
Axis Unplayable
HulkSMASH
SMOKO
PAX AJAX
0
0
Comments
sign in to comment!
No comments posted yet!